 Dungeon Crawl Stone Soup version 0.28.0-43-g3370ac3207 (webtiles) character file.

Game seed: 7795466937326061247

16 Bruhh the Covered (level 2, 19/19 HPs)
             Began as a Gargoyle Fighter on Mar 25, 2022.
             Quit the game on level 1 of the Dungeon.
             The game lasted 00:02:48 (482 turns).

Bruhh the Covered (Gargoyle Fighter)                 Turns: 482, Time: 00:02:49

Health: 19/19      AC:  9    Str: 19    XL:     2   Next: 54%
Magic:  2/2        EV:  9    Int:  8    God:
Gold:   28         SH:  4    Dex:  9    Spells: 1/1 levels left

rFire   . . .      SeeInvis .   a - +0 flail
rCold   . . .      Faith    .   c - +0 buckler
rNeg    + . .      Spirit   .   b - +0 scale mail
rPois   ∞          Reflect  .   (no helmet)
rElec   +          Harm     .   (no cloak)
rCorr   .          Rampage  .   (no gloves)
Will    .....                   (no boots)
Stlth   ..........              (no amulet)
HPRegen 0.06/turn               (no ring)
MPRegen 0.08/turn               (no ring)

@: no status effects
A: sickness immunity, AC +2, negative energy resistance 1, electricity
resistance, torment resistance 1, petrification resistance
a: no special abilities


You were on level 1 of the Dungeon.
You visited 1 branch of the dungeon, and saw 1 of its levels.

You collected 28 gold pieces.

Inventory:

Hand Weapons
 a - a +0 flail (weapon)
Armour
 b - a +0 scale mail (worn)
 c - a +0 buckler (worn)
Jewellery
 e - a ring of protection from fire
Potions
 d - a potion of might


   Skills:
 + Level 3.5 Fighting
 + Level 2.2 Maces & Flails
 + Level 3.5 Armour
 + Level 3.5 Shields


You had one spell level left.
You didn't know any spells.
Your spell library was empty.

Dungeon Overview and Level Annotations

Branches:
Dungeon (1/15)

Altars:


Innate Abilities, Weirdness & Mutations

You are immune to sickness and miasma.
Your stone body is resilient. (AC +2)
You are immune to poison.
You resist negative energy. (rN+)
You are resistant to electric shocks. (rElec)
You are resistant to unholy torment.
You are immune to petrification.


Message History

You see here 26 arrows.
Unknown command.
You see here 26 arrows.
You see here a hobgoblin corpse.
You see here a frilled lizard corpse.
A kobold comes into view. It is wielding a +0 dagger.
The kobold throws a stone.
The stone barely misses you.
The kobold throws a stone.
The stone hits you.
The kobold throws a stone.
The stone hits you but does no damage. The kobold hits you with a +0 dagger.
You closely miss the kobold. You block the kobold's attack.
You barely miss the kobold. The kobold barely misses you.
The kobold hits you but does no damage.
You hit the kobold but do no damage. The kobold hits you but does no damage.
You barely miss the kobold. You block the kobold's attack.
You sock the kobold!
You kill the kobold!
Things that are here:
a +0 dagger; 2 stones; a kobold corpse A bat comes into view.
The bat hits you.
You barely miss the bat. The bat barely misses you. You block the bat's attack.
You hit the bat.
You kill the bat!
You see here a bat corpse.
Found 9 bolts.
Found a scroll labelled YSOOTZUMNY.
You see here 9 bolts.
HP restored.
Found a faded altar of an unknown god.
A dart slug comes into view.
A dart slug is nearby!
A dart slug is nearby!
A dart slug is nearby!
A dart slug is nearby!
A dart slug is nearby!
A dart slug is nearby!
A dart slug is nearby!
There's nothing to open nearby.
Are you sure you want to abandon this character and quit the game? (Confirm with "yes".)

##.###.##
#.......#
#..8.8..# ####
###w8.8.8.# ....
....8_8... .###
..8.8?8.. .# #####
#..8.8... .#
#...######@.......
.#
#......(..#.####..
.# #...#####.#.#
.# ##.## #.#.#
†#######.# #.#.#
.........# #.#.#
.######### #.#.#
.# #.#.# .# #.#


You could see a dart slug.

Vanquished Creatures
  2 giant cockroaches (D:1)
  4 hobgoblins (D:1)
  3 jackals (D:1)
  2 bats (D:1)
  A frilled lizard (D:1)
  A kobold (D:1)
  A rat (D:1)
14 creatures vanquished.

Notes
Turn   | Place    | Note
-------+----------+-------------------------------------------
     0 | D:1      | Bruhh the Gargoyle Fighter began the quest for the Orb.
     0 | D:1      | Reached XP level 1. HP: 14/14 MP: 1/1
   191 | D:1      | Reached XP level 2. HP: 19/19 MP: 2/2
   479 | D:1      | Found a faded altar of an unknown god.
   482 | D:1      | Quit the game

Illustrated notes

Levels and vault maps discovered:
D:1:      zelgadis_glass_arrival_small, layout_loops_ring,
          chequers_ecumenical_altar_simple_redux

Action                   || total
-------------------------++-------
Melee: Flail             ||    48
Armor: Scale mail        ||    55
Dodge: Dodged            ||    41
Block: Buckler           ||    19
